Map: Acid Plant LE

Players

pollo

  • Race: Zerg Zerg
  • Spawn Location: 5:00

MeCash - Winner!

  • Race: Terran Terran
  • League: Platinum
  • Spawn Location: 11:00

VOD

Have the link to the VOD?

Description

My Build against a zerg

Time

  • Played on: Sept. 16, 2018, 8:54 a.m.
  • Length: 17:33
Show
View Real Time Build Order
Export as new Build Order

pollo Zerg 

Build Orders: Pool First, Zergling Baneling 

Get SALT Encoding   

  12  0:01  Drone  
  13  0:08  Drone  
  14  0:17  Overlord  
  14  0:36  Drone x3  
  17  0:49  Spawning Pool  
  16  0:50  Drone  
  17  0:59  Drone  
  18  1:17  Hatchery  
  17  1:22  Drone  
  18  1:26  Drone  
  19  1:41  Drone x2  
  21  1:50  Extractor, Queen  
  21  1:52  Overlord  
  22  2:12  Zergling x2  
  23  2:16  Drone  
  24  2:34  Queen  
  24  2:35  Drone  
  24  2:36  Drone  
  28  2:47  Extractor  
  27  2:56  Baneling Nest  
  27  2:57  Spore Crawler, Drone x2  
  27  3:00  Drone x3  
  27  3:02  Queen  
  32  3:06  Overlord x2  
  32  3:18  Zergling x2  
  32  3:19  Zergling x2  
  34  3:31  Drone x2  
  34  3:34  Drone x3  
  37  3:37  Metabolic Boost  
  39  3:44  Zergling x6  
  39  3:48  Drone  
  43  3:54  Baneling x3  
  43  3:55  Baneling x3  
  32  4:17  Zergling x8  
  32  4:18  Zergling x4  
  32  4:23  Drone x5  
  32  4:24  Drone  
  44  4:27  Queen  
  46  4:42  Baneling x6  
  46  4:43  Baneling x2  
  46  4:45  Drone x2  
  48  4:51  Drone  
  48  4:52  Drone x2  
  47  5:27  Zergling x2  
  47  5:28  Zergling x4  
  50  5:30  Lair  
  50  5:35  Zergling x6  
  51  5:37  Overlord x3  
  51  5:54  Evolution Chamber  
  50  5:57  Baneling x3  
  50  5:58  Baneling x3  
  50  6:04  Zergling x6  
  50  6:05  Zergling x6  
  56  6:14  Zergling x6  
  59  6:32  Zergling x4  
  61  6:38  Drone  
  62  6:41  Hydralisk Den  
  62  6:43  Hatchery  
  62  6:45  Baneling x3  
  62  6:46  Baneling x3  
  60  6:48  Drone x4  
  60  6:49  Drone  
  65  6:54  Extractor  
  65  7:01  Extractor  
  63  7:03  Drone  
  63  7:18  Hydralisk x4  
  63  7:19  Hydralisk x2  
  75  7:23  Grooved Spines  
  75  7:30  Overlord x3  
  75  7:35  Overlord  
  75  7:38  Zerg Missile Weapons Level 1  
  75  7:52  Hydralisk x2  
  75  7:53  Hydralisk  
  75  7:55  Hydralisk x2  
  75  7:56  Hydralisk  
  83  8:36  Drone x2  
  83  8:37  Drone  
  86  8:49  Muscular Augments  
  86  8:53  Drone  
  86  8:55  Queen  
  84  9:11  Hydralisk x4  
  84  9:12  Hydralisk x2  
  96  9:23  Hydralisk  
  96  9:24  Hydralisk x5  
  107  9:32  Zerg Ground Armor Level 1  
  107  9:48  Spine Crawler  
  107  9:51  Spine Crawler, Drone x3  
  108  9:54  Spore Crawler  
  108  9:58  Hydralisk x3  
  108  9:59  Overlord  
  113  10:00  Overlord x2  
  113  10:16  Extractor  
  94  10:45  Hydralisk x5  
  94  10:46  Hydralisk x3  
  104  10:53  Zergling x2  
  104  10:54  Zergling x8  
  109  11:02  Hydralisk x5  
  94  11:27  Zergling x8  
  94  11:28  Zergling x2  
  99  11:33  Baneling  
  99  11:34  Baneling x8  
  99  11:35  Baneling  
  99  11:37  Centrifical Hooks  
  99  11:43  Hydralisk x5  
  99  11:44  Hydralisk  
  111  12:09  Zergling x10  
  111  12:10  Zergling x2  
  113  12:25  Hatchery  
  84  12:39  Zergling x4  
  84  12:42  Baneling x2  
  84  12:43  Baneling x8  
  84  12:44  Baneling x3  
  84  12:51  Hydralisk x5  
  84  12:55  Zerg Missile Weapons Level 2  
  92  13:05  Hydralisk x5  
  96  13:10  Hydralisk  
  96  13:47  Hydralisk x2  
  96  13:48  Hydralisk  
  102  13:54  Zergling x4  
  102  13:55  Zergling x4  
  89  14:07  Zergling x6  
  88  14:10  Baneling  
  88  14:11  Baneling x3  
  88  14:16  Zergling x6  
  88  14:17  Zergling x6  
  94  14:28  Hydralisk x2  
  94  14:29  Hydralisk x3  
  100  14:36  Extractor  
  91  14:40  Drone x3  
  82  14:49  Zergling x10  
  83  14:59  Baneling x4  
  83  15:00  Baneling x2  
  83  15:02  Hydralisk x6  
  95  15:12  Zerg Melee Weapons Level 1  
  86  15:26  Zergling x2  
  86  15:27  Zergling x8  
  83  15:38  Zergling x2  
  49  15:58  Zergling x4  
  49  15:59  Zergling x2  
  49  16:02  Drone x3  
  55  16:17  Hatchery  
  44  16:19  Zergling x4  
  44  16:20  Zergling x2  
  42  16:30  Zergling x6  
  25  16:56  Baneling x3  
  25  16:57  Baneling x7  
  25  16:58  Baneling  
  21  17:02  Zergling x10  
Show
View Real Time Build Order
Export as new Build Order

MeCash Terran - Winner!

Build Orders:  

Get SALT Encoding   

  12  0:01  SCV  
  13  0:13  SCV  
  14  0:21  Supply Depot  
  14  0:25  SCV  
  15  0:38  Supply Depot  
  15  0:43  SCV  
  15  0:48  Barracks  
  16  0:55  SCV  
  17  1:06  Barracks  
  17  1:09  SCV  
  18  1:23  Barracks  
  18  1:24  SCV  
  19  1:36  SCV  
  20  1:40  Marine  
  21  1:47  Refinery  
  21  1:51  Orbital Command  
  21  1:54  Marine  
  22  2:01  Marine  
  23  2:13  Marine  
  24  2:16  Marine  
  25  2:32  SCV, Command Center  
  25  2:33  Marine  
  26  2:38  Marine  
  26  2:39  Marine  
  28  2:44  SCV  
  29  2:58  Factory  
  29  2:59  SCV  
  29  3:05  Marine  
  31  3:20  Supply Depot  
  31  3:30  Engineering Bay  
  31  3:41  SCV, Marine x3  
  31  3:44  Factory Reactor  
  31  3:45  Refinery  
  35  3:49  SCV  
  35  3:54  SCV  
  37  3:59  Marine x3  
  40  4:06  SCV  
  41  4:11  Supply Depot  
  34  4:17  Marine x2  
  34  4:19  Marine  
  34  4:21  Starport, Terran Infantry Weapons Level 1  
  34  4:24  Hellion x2  
  40  4:34  SCV  
  40  4:35  Marine  
  42  4:38  Orbital Command  
  42  4:45  Hellion  
  44  4:46  SCV  
  44  4:48  Hellion  
  47  4:58  SCV  
  48  5:00  Starport Reactor  
  48  5:05  Marine x3  
  51  5:10  SCV x2  
  53  5:15  Refinery  
  42  5:22  SCV x2, Marine  
  42  5:23  Marine  
  42  5:25  Hellion  
  48  5:29  Supply Depot, Hellion  
  47  5:36  SCV x2  
  47  5:42  Refinery  
  49  5:46  Barracks Reactor  
  49  5:47  Barracks Reactor  
  49  5:48  SCV x2, Marine  
  52  5:54  Hellion  
  52  5:55  Hellion  
  56  6:02  SCV x2  
  58  6:06  Marine  
  59  6:12  Medivac x2  
  59  6:14  SCV x2  
  59  6:16  Terran Infantry Armor Level 1, Hellion x2  
  69  6:23  Marine  
  70  6:28  Supply Depot  
  70  6:31  Command Center  
  70  6:42  Supply Depot  
  70  6:47  Supply Depot  
  70  6:49  Marine x5  
  70  6:53  SCV x2  
  77  7:04  Hellion x2, Medivac x2  
  77  7:05  SCV  
  77  7:08  SCV, Marine x2  
  89  7:10  Supply Depot  
  89  7:12  Supply Depot  
  89  7:14  Supply Depot  
  89  7:17  Marine x3  
  89  7:19  SCV  
  89  7:20  SCV  
  94  7:34  Medivac  
  94  7:36  Barracks  
  96  7:39  Factory  
  96  7:45  SCV  
  96  7:46  SCV  
  96  7:50  Orbital Command  
  98  7:58  Marine  
  99  7:59  Marine x2  
  99  8:00  Marine  
  99  8:02  Medivac  
  99  8:04  Marine, Medivac  
  107  8:06  Hellion  
  107  8:07  Command Center  
  107  8:09  Neosteel Frame, SCV x2  
  111  8:16  Marine  
  103  8:22  Hellion x2  
  107  8:27  Hellion  
  109  8:35  Supply Depot  
  109  8:38  Barracks Tech Lab  
  109  8:39  Marine  
  109  8:40  Marine x4  
  114  8:43  Hellion  
  114  8:44  Factory Tech Lab  
  114  8:47  Medivac x2  
  120  8:52  SCV x2  
  122  8:57  Marine x2  
  122  8:58  SCV, Marine x3  
  127  9:04  SCV x2  
  127  9:07  Hellion x3  
  135  9:10  SCV  
  135  9:11  Infernal Pre-Igniter  
  135  9:15  Marine x2  
  135  9:16  Stimpack, SCV  
  135  9:17  SCV  
  140  9:20  Marine x4  
  140  9:22  SCV  
  145  9:28  Structure Armor, Hellion  
  139  9:33  Marine x2, Medivac  
  139  9:36  SCV x4  
  139  9:38  Marine x2  
  149  9:46  Supply Depot  
  149  9:48  SCV x3  
  149  9:50  Supply Depot  
  152  9:53  SCV  
  152  9:58  Engineering Bay  
  152  9:59  Armory  
  153  10:00  SCV x2  
  153  10:05  Barracks  
  153  10:06  Barracks  
  155  10:08  Marine x3, Barracks  
  155  10:09  Supply Depot, Marine x3  
  161  10:18  Hellion x2  
  161  10:19  Hellion  
  129  10:22  Medivac  
  129  10:23  Medivac  
  129  10:26  Marine x4  
  129  10:27  Marine x2  
  116  10:28  SCV x2  
  116  10:29  Rapid Fire Launchers, SCV x2  
  116  10:32  Supply Depot  
  107  10:39  Hi-Sec Auto Tracking  
  107  10:41  SCV x2  
  105  10:44  Marine x2  
  105  10:45  Orbital Command  
  105  10:47  SCV, Marine x3  
  105  10:48  Marine  
  104  10:54  Barracks Reactor  
  104  10:55  Supply Depot  
  104  10:56  Barracks Reactor x2  
  104  10:58  SCV  
  104  11:01  Marine  
  104  11:02  Marine  
  107  11:05  Marine x4  
  107  11:06  Supply Depot  
  107  11:08  Supply Depot  
  107  11:10  SCV x2  
  97  11:16  Combat Shield  
  84  11:18  Refinery  
  84  11:19  Marine  
  84  11:20  Marine  
  84  11:21  Refinery  
  84  11:23  Marine x4, Hellion x2  
  84  11:24  Hellion  
  88  11:25  SCV  
  88  11:26  SCV x3  
  88  11:31  Medivac x2  
  96  11:37  Marine x2  
  96  11:38  SCV x4  
  102  11:40  Marine  
  102  11:41  Marine  
  102  11:42  Marine x5  
  102  11:43  Marine  
  110  11:59  Barracks  
  110  12:01  Medivac  
  110  12:03  Barracks  
  110  12:04  Barracks, Marine x3  
  110  12:05  Barracks  
  110  12:06  Viking  
  117  12:09  Marine x3  
  117  12:12  Marine x4  
  117  12:13  Marine x2  
  126  12:20  Terran Infantry Weapons Level 2  
  126  12:22  Marine x3  
  129  12:27  Marine  
  123  12:31  Medivac  
  123  12:32  Marine  
  123  12:33  Marine x4  
  123  12:34  Marine x2  
  123  12:35  Concussive Shells  
  123  12:36  Medivac  
  118  12:40  Marine x3  
  118  12:41  Marine  
  122  12:44  Marine  
  122  12:45  Hellion  
  122  12:46  Hellion x2  
  122  12:50  Marine x2, Terran Vehicle Weapons Level 1  
  122  12:51  Marine x4  
  132  12:52  Marine  
  132  12:55  Terran Infantry Armor Level 2  
  132  12:58  Marine x2  
  136  13:01  Medivac  
  139  13:06  Medivac  
  139  13:07  Hellion  
  139  13:09  Marine x6  
  139  13:10  Marine x8  
  157  13:16  Marine x2  
  157  13:19  Command Center  
  159  13:26  Marine  
  159  13:27  Marine x11  
  160  13:28  Marine x2  
  160  13:31  Medivac  
  160  13:33  Marine  
  175  13:36  Medivac  
  175  13:37  Marine  
  175  13:40  Hellion x2  
  175  13:41  Hellion  
  167  13:44  SCV, Marine x2  
  167  13:45  Marine x10  
  167  13:47  Barracks Reactor  
  179  13:50  SCV  
  174  14:01  Viking  
  174  14:02  Hellion x3  
  171  14:06  Medivac  
  173  14:15  Command Center  
  173  14:18  Command Center  
  173  14:20  Marine  
  173  14:21  Marine x3  
  173  14:22  Marine x11  
  188  14:31  Medivac  
  173  14:41  Command Center  
  163  14:56  SCV x2  
  163  14:57  SCV x2  
  163  14:58  Marine  
  163  14:59  Marine x7  
  175  15:00  Marine  
  176  15:07  Medivac  
  176  15:08  SCV x2, Medivac  
  176  15:09  SCV x2  
  184  15:20  SCV  
  184  15:21  SCV  
  182  15:25  Marine x5  
  182  15:26  Marine x5  
  182  15:27  Marine x5  
  181  15:29  SCV x3  
  181  15:33  SCV x2  
  182  15:37  Medivac  
  182  15:38  Marine x2  
  182  15:41  SCV x3  
  184  15:42  Marine  
  184  15:43  Marine  
  184  15:44  Marine x5  
  184  15:45  SCV, Marine x2  
  184  15:46  Marine  
  184  15:47  Marine  
  184  15:49  Hellion  
  183  15:51  Hellion  
  183  15:54  Hellion  
  172  15:59  Orbital Command  
  172  16:01  Planetary Fortress  
  172  16:03  Orbital Command  
  167  16:05  Marine x4  
  169  16:11  Refinery  
  169  16:14  Marine x3  
  169  16:15  Marine x7  
  169  16:18  Hellion  
  178  16:19  Hellion  
  178  16:21  Hellion  
  178  16:23  SCV x3  
  181  16:39  Hellion  
  183  16:41  Hellion  
  183  16:43  Hellion  
  183  16:46  Marine x5  
  183  16:47  Marine x5  
  192  16:48  Marine  
  143  16:54  Medivac  
  200  17:13  Barracks  
  186  17:16  Barracks  
  186  17:18  Barracks  
Tags
 
League
Platinum
Matchup
TvZ
Opening
Pool First
Spawn Locations
Cross Positions
Add a new tag
Caveats
  • Supply blocks, unpowered buildings, or Contaminate may cause inaccurate times.
  • Supply counts are checked every 10 seconds.